 Dungeon Crawl Stone Soup version 0.30-a0-1163-gf69bf04e7a (webtiles) character file.

Game seed: 2666020400629040050

48 NateTC the Digger (level 3, 0/19 HPs)
             Began as a Deep Elf Earth Elementalist on Apr 29, 2023.
             Slain by a goblin
             ... wielding a +0 dagger
             ... led by Robin
              (3 damage)
             ... on level 2 of the Dungeon.
             The game lasted 00:02:50 (1090 turns).

NateTC the Digger (Deep Elf Earth Elementalist)     Turns: 1090, Time: 00:02:50

Health: 0/19       AC:  3    Str:  5    XL:     3   Next: 50%
Magic:  3/10       EV: 13    Int: 21    God:
Gold:   79         SH:  0    Dex: 21    Spells: 5/9 levels left

rFire   . . .        (no weapon)
rCold   . . .        (no shield)
rNeg    . . .        a - +0 robe
rPois   .            k - +0 helmet
rElec   .            (no cloak)
rCorr   .            (no gloves)
SInv    .            (no boots)
Will    .....        (no amulet)
Stlth   ++           e - +6 ring of dexterity
HPRegen 0.23/turn    (no ring)
MPRegen 0.12/turn

%: no passive effects
@: no status effects
A: no striking features
a: no special abilities


You were on level 2 of the Dungeon.
You visited 1 branch of the dungeon, and saw 2 of its levels.

You collected 79 gold pieces.

Inventory:

Armour
 a - a +0 robe (worn)
 k - a +0 helmet (worn)
Jewellery
 e - a +6 ring of dexterity (left hand)
Scrolls
 d - a scroll of silence {unknown}
 f - a scroll of identify
Potions
 b - a potion of magic


   Skills:
 - Level 2.4 Dodging
 - Level 2.4 Stealth
 + Level 3.6 Spellcasting
 * Level 2.3 Conjurations
 - Level 1.1 Transmutations
 + Level 3.8 Earth Magic


You had 5 spell levels left.
You knew the following spells:

 Your Spells              Type           Power      Damage    Failure   Level
a - Sandblast             Erth           40%        2d10      2%          1
b - Stone Arrow           Conj/Erth      32%        3d9       11%         3

Your spell library contained the following spells:

 Spells                   Type           Power      Damage    Failure   Level
 Passwall                 Tmut/Erth      11%        N/A       7%          2
 Scorch                   Fire           6%         2d5       19%         2
 Petrify                  Tmut/Erth      14%        N/A       41%         4
 Flame Wave               Conj/Fire      8%         2d5       58%         4
 Summon Cactus Giant      Summ           1%         N/A       100%        6


Dungeon Overview and Level Annotations

Branches:
Dungeon (2/15) Zot: 10875

Altars:

Annotations:
D:2 Robin


Message History

You are too injured to fight recklessly!
You barely miss the goblin. The goblin hits you with a +0 dagger.
* * * LOW HITPOINT WARNING * * *
Robin throws the goblin at you!
* * * LOW HITPOINT WARNING * * *
It was a potion of curing.
You feel better. The goblin misses you.
A hobgoblin comes into view.
The goblin closely misses you.
Robin roars a battlecry!
The goblins go into a battle-frenzy!
The goblin hits you with a +0 dagger. The goblin closely misses you.
Robin throws the goblin at you!
You hit the goblin but do no damage. The goblin closely misses you.
The goblin barely misses you. The goblin misses you. Robin closely misses you.
The goblin hits you with a +0 club. The goblin misses you.
Robin roars a battlecry!
The goblin hits you but does no damage. Robin throws the goblin at you!
You hit the goblin.
The goblin is heavily wounded.
The goblin hits you with a +0 dagger.
A goblin comes into view. It is wielding a +0 club.
The goblin hits you with a +0 dagger.
* * * LOW HITPOINT WARNING * * *
Casting: Sandblast (safe; 2% risk of failure)
Confirm with . or Enter, or press ? or * to list all spells.
Aiming: Sandblast (safe; 2% risk of failure)
Press: ? - help, Shift-Dir - straight line, f - goblin, p - Robin
Aim: a goblin, wielding a +0 dagger (heavily wounded, strong, 79% to hit)
The blast of sand hits the goblin!
You kill the goblin!
The goblin misses you. Robin throws the goblin at you!
* * * LOW HITPOINT WARNING * * *
Casting: Sandblast (safe; 2% risk of failure)
Confirm with . or Enter, or press ? or * to list all spells.
Aiming: Sandblast (safe; 2% risk of failure)
Press: ? - help, Shift-Dir - straight line, f - goblin
Aim: a goblin, wielding a +0 club (strong, 79% to hit)
The blast of sand misses the goblin.
The goblin hits you with a +0 dagger.
You die...

..#........#...#...#.# #.#
#.#
..###....#.#.....#.#.#####.#
#.#
.........#.#.#####.#.....#.#
#.#
......#..#.......#.........#
#.#
##.......###.###.#######.###
#.# ....##.## #.# #.# #.#
#.# ##.. #[ #.# #.# #.# #.#
#.# #g# #.# #.# #.# #@#
#.######.#
#.###g#######........#
#....gg.....##########
##.....g.....#
..........†))..#
.....#....g.####
..!..######.# .... #g# ...
#)#


You could see Robin, 2 hobgoblins and 4 goblins.

Vanquished Creatures
  4 bats
  2 endoplasms (D:1)
  3 giant cockroaches (D:1)
  4 goblins (D:2)
  7 hobgoblins
  3 jackals (D:1)
  5 kobolds (D:1)
  8 ball pythons (D:1)
  A frilled lizard (D:2)
  6 rats
43 creatures vanquished.

Notes
Turn   | Place    | Note
-------+----------+-------------------------------------------
     0 | D:1      | NateTC the Deep Elf Earth Elementalist began the quest for
                  | the Orb.
     0 | D:1      | Reached XP level 1. HP: 10/10 MP: 6/6
    43 | D:1      | Reached skill level 1 in Conjurations
   129 | D:1      | Reached XP level 2. HP: 15/15 MP: 4/8
   506 | D:1      | Reached XP level 3. HP: 13/19 MP: 7/10
   920 | D:2      | Learned a level 3 spell: Stone Arrow
  1071 | D:2      | Noticed Robin
  1090 | D:2      | Slain by a goblin

Illustrated notes

Levels and vault maps discovered:
D:1:      psy_arrival_whirlpool, layout_rooms, minmay_tromino_v7
D:2:      layout_basic, uniq_terence, uniq_robin

Skill      XL: |  1  2 |
---------------+-------+-----
Conjurations   | 1 2 |  2.3
Dodging        | |  2.4
Stealth        | |  2.4
Spellcasting   | |  3.6
Transmutations | |  1.1
Earth Magic    | |  3.8

Action                     || total
---------------------------++-------
  Melee: Unarmed           ||     4
   Cast: Sandblast         ||    65
    Use: Scroll            ||     5
         Potion            ||     1
 Armour: Robe              ||    11
  Dodge: Dodged            ||    33

Table legend: (Time is in decaauts)
 A = Elapsed time spent in this place.
 B = Non-inter-level travel time spent in this place.
 C = Inter-level travel time spent in this place.
 D = Time resting spent in this place.
 E = Time spent auto-exploring this place.
 F = Levels seen in this place.
 G = Mean time per level.
                   A        B        C        D        E       F      G
               +--------+--------+--------+--------+--------+-----+--------+
         Total |   1123 |   1099 |     24 |    165 |    650 |   2 |  561.5 |
       Dungeon |   1123 |   1099 |     24 |    165 |    650 |   2 |  561.5 |
               +--------+--------+--------+--------+--------+-----+--------+

Top non-repeatable levels by time:
     D:1: 902 daAuts
     D:2: 220 daAuts
